 Dungeon Crawl Stone Soup version 0.29.0-4-gdea44cf6ec (webtiles) character file.

Game seed: 2683462689457284467

81123 LustLizard the Prestidigitator (level 16, -4/118 HPs)
             Began as a Djinni Ice Elementalist on Aug 25, 2022.
             Was the Champion of Makhleb.
             Slain by a spriggan berserker
             ... wielding a +0 flail
              (11 damage)
             ... on level 15 of the Dungeon on Aug 28, 2022.
             The game lasted 01:27:21 (23818 turns).

LustLizard the Prestidigitator (DjIE)              Turns: 23818, Time: 01:27:22

Health: -4/118     AC: 14    Str:  7    XL:     16   Next: 17%
Gold:   1957       EV: 13    Int: 25    God:    Makhleb [******] SH:  5 Dex: 12

rFire   + . .      SeeInvis .   R - +8 whip "Enteta" {spect, rElec rPois Will+++ Dex-4}
rCold   + + +      Faith    .   K - +0 buckler "Setu" {+Blink rF- rC++ Regen+}
rNeg    + . .      Spirit   .   E - +0 steam dragon scales
rPois   ∞          Reflect  .   F - +0 helmet
rElec   +          Harm     .   q - scarf {rC+ rF+}
rCorr   .          Rampage  .   l - +3 Mad Mage's Maulers {Infuse+∞ RegenMP Int-3}
Will    ++++.                   (boots unavailable)
Stlth   ++++......              d - amulet of the acrobat
HPRegen 1.09/turn               j - +4 ring of protection
MPRegen 0.00/turn               w - ring of Buxacood {Ice rPois rN+ Int+5}

@: flying, studying 4 skills
A: sickness immunity, fire resistance 2, cold vulnerability 1, float, innate
caster, HP casting, extra vitality 1
a: Renounce Religion, Evoke Blink, Minor Destruction, Lesser Servant of Makhleb,
Major Destruction, Greater Servant of Makhleb


You were on level 15 of the Dungeon.
You worshipped Makhleb.
Makhleb was exalted by your worship.
You visited 5 branches of the dungeon, and saw 24 of its levels.
You also visited: Bailey.

You collected 3177 gold pieces.
You spent 1220 gold pieces at shops.

Inventory:

Hand Weapons
 R - the +8 whip "Enteta" (weapon) {spect, rElec rPois Will+++ Dex-4}
   (You found it on level 9 of the Dungeon)

   When its wielder attacks, the weapon's spirit leaps out and strikes again.
   The spirit shares a part of any damage it takes with its wielder.
   Dex:       It affects your dexterity (-4).
   rElec:     It insulates you from electricity.
   rPois:     It protects you from poison.
   Will:      It greatly increases your willpower.
Missiles
 b - 64 poisoned darts
 c - 165 stones (quivered)
 I - a throwing net
Armour
 a - the +0 leather armour "Gyorimib" {rPois Dex+4}
   (You bought it in a shop on level 2 of the Orcish Mines)

   Dex:       It affects your dexterity (+4).
   rPois:     It protects you from poison.
 l - the +3 Mad Mage's Maulers (worn) {Infuse+∞ RegenMP Int-3}
   (You found it on level 8 of the Dungeon)

   It empowers its wearer's blows with all of their magic.
   It causes its wearer's magical reserves to regenerate more quickly.
   Int:       It affects your intelligence (-3).
 q - a scarf of resistance (worn)
 E - +0 steam dragon scales (worn)
 F - a +0 helmet (worn)
 K - the +0 buckler "Setu" (worn) {+Blink rF- rC++ Regen+}
   (You acquired it on level 6 of the Dungeon)

   rF:        It makes you vulnerable to fire.
   rC:        It greatly protects you from cold.
   +Blink:    It lets you blink.
   Regen:     It increases your rate of health regeneration.
 Q - the +0 leather armour of Voul {Will+ Str+5}
   (You found it on level 1 of the Lair of Beasts)

   Str:       It affects your strength (+5).
   Will:      It increases your willpower.
Jewellery
 d - an amulet of the acrobat (around neck)
 e - a +6 ring of intelligence
 j - a +4 ring of protection (left hand)
 n - a ring of resist corrosion
 w - the ring of Buxacood (right hand) {Ice rPois rN+ Int+5}
   (You bought it in a shop on level 2 of the Orcish Mines)

   [ring of ice]

   It enhances your ice magic.
   Int:       It affects your intelligence (+5).
   rF:        It makes you vulnerable to fire.
   rC:        It protects you from cold.
   rPois:     It protects you from poison.
   rN:        It protects you from negative energy.
 B - a ring of positive energy
 P - a ring of ice
 X - a ring of protection from cold
Wands
 s - a wand of iceblast (4)
 y - a wand of light (20)
 z - a wand of paralysis (18)
 A - a wand of mindburst (16)
 H - a wand of digging (5)
 U - a wand of flame (50)
Scrolls
 f - 4 scrolls of enchant armour
 g - a scroll of silence {unknown}
 k - 9 scrolls of teleportation
 p - 6 scrolls of fear
 r - 3 scrolls of enchant weapon
 t - 5 scrolls of fog
 D - 4 scrolls of poison
 N - 2 scrolls of immolation {unknown}
 O - 2 scrolls of summoning
Potions
 h - 5 potions of haste
 i - a potion of might {unknown}
 m - 3 potions of ambrosia
 o - 2 potions of brilliance {unknown}
 u - 3 potions of resistance
 v - a potion of berserk rage
 x - 5 potions of mutation
 C - a potion of heal wounds
 J - 5 potions of lignification
 L - a potion of invisibility {unknown}
 M - 11 potions of curing
Miscellaneous
 W - a phial of floods
 Y - a tin of tremorstones (2/2)


   Skills:
 + Level 11.8 Fighting
 - Level 2.6(4.0) Short Blades
 - Level 4.6(5.0) Long Blades
 - Level 5.7 Maces & Flails
 - Level 5.2 Polearms
 - Level 4.0 Throwing
 * Level 4.7 Dodging
 * Level 7.8 Stealth
 - Level 6.1 Shields
 * Level 10.9 Spellcasting
 * Level 11.2 Invocations
 * Level 13.3 Evocations


You couldn't memorise any spells.
You knew the following spells:

 Your Spells              Type           Power      Damage    Failure   Level
a - Freeze                Ice            100%       1d11      1%          1
b - Frozen Ramparts       Ice            100%       1d16      1%          3
c - Ozocubu's Armour      Ice            80%        N/A       1%          3
d - Hailstorm             Conj/Ice       80%        3d16      1%          4
e - Foxfire               Conj/Fire      100%       2x1d9     1%          1
f - Static Discharge      Conj/Air       62%        3-11/arc  1%          2
g - Stone Arrow           Conj/Erth      100%       3d13      1%          3
h - Dispel Undead         Necr           62%        3d22      1%          4
i - Olgreb's Toxic Radia  Pois           62%        N/A       1%          4
j - Yara's Violent Unrav  Hex/Tmut       31%        3d13      1%          5
k - Summon Cactus Giant   Summ           31%        N/A       10%         6
Your spell library was empty.

Dungeon Overview and Level Annotations

Branches:
Dungeon (15/15)            Temple (1/1) D:4            Lair (5/5) D:10
 Shoals (1/4) Lair:2       Spider (0/4) Lair:3        Slime (0/5) Lair:5
    Orc (2/2) D:10            Elf (0/3) Orc:2        Vaults (0/5) D:14
 Depths (0/4) D:15         Bailey (visited)

Altars:
Ashenzari
Cheibriados
Dithmenos
Elyvilon
Fedhas
Gozag
Hepliaklqana
Makhleb
Nemelex Xobeh
Okawaru
Qazlal
Ru
Trog
Uskayaw
Wu Jian
Xom
Yredelemnul
Zin
The Shining One
Jiyva

Shops:
D:3 ?   Orc:2 *[=!:

Portals:
Trove: D:11 (give 5 scrolls of blinking)

Annotations:
D:7 exclusion: two-headed ogre
D:9 1 transporter
D:15 1 transporter
Shoals:1 Mlioglotl


Innate Abilities, Weirdness & Mutations

You are immune to sickness and miasma.
You are immune to poison.
Your flesh is very heat resistant. (rF++)
You are vulnerable to cold. (rC-)
You float through the air rather than walking.
You learn spells naturally, not from books.
Your magical power is your life essence.
You have superior vitality. (+4 MHP)


Message History

As you read the scroll of blinking, it crumbles to dust.
You hear a shout!
The spriggan berserker rages.
You hear a trumpeting!
A demon appears!
It doesn't seem very happy.
The spriggan berserker completely misses you.
The balrug barely misses you.
The spriggan berserker rages.
The spriggan berserker hits you with a +0 flail!!
* * * LOW HITPOINT WARNING * * *
The balrug hits you with a +2 demon whip of venom.
* * * LOW HITPOINT WARNING * * *
You are engulfed in flames!
You resist.
* * * LOW HITPOINT WARNING * * *
You blink.
Casting: Stone Arrow (safe; 1% risk of failure)
Confirm with . or Enter, or press ? or * to list all spells.
Aiming: Stone Arrow (safe; 1% risk of failure)
Press: ? - help, Shift-Dir - straight line, f - spriggan berserker
Aim: a spriggan berserker, wielding a +0 flail and wearing a +0 animal skin (severely wounded, berserk, misshapen and mutated, 55% to hit)
Okay, then.
Casting: Stone Arrow (safe; 1% risk of failure)
Confirm with . or Enter, or press ? or * to list all spells.
Aiming: Yara's Violent Unravelling (dangerous; 1% risk of failure)
Press: ? - help, Dir - move target, f - spriggan berserker
Aim: a spriggan berserker, wielding a +0 flail and wearing a +0 animal skin (severely wounded, berserk, misshapen and mutated)
The spriggan berserker has no magical effects to unravel.
Okay, then.
Casting: Yara's Violent Unravelling (dangerous; 1% risk of failure)
Confirm with . or Enter, or press ? or * to list all spells.
Aiming: Stone Arrow (safe; 1% risk of failure)
Press: ? - help, Shift-Dir - straight line, f - spriggan berserker
Aim: a spriggan berserker, wielding a +0 flail and wearing a +0 animal skin (severely wounded, berserk, misshapen and mutated, 55% to hit)
Okay, then.
As you read the scroll of summoning, it crumbles to dust.
Wisps of shadow whirl around you...
You feel stable enough to blink again.
The spriggan berserker hits you with a +0 flail!
You die...

.#.......#)#'#........#.~≈≈..##
...............)........~~~.##
............#................
...#...#............#.....#..
....#........#..§..#.....##
#.......#.......2........#
##............#C.....#####
+.......#.....Bi....+
#.............#@....#
.#...c...#+## ........##
+###+####


You could see a balrug (summoned), a spriggan berserker (berserk, misshapen,
ally target), a friendly boulder beetle (summoned, wandering), a friendly
centaur warrior (summoned, wandering) and a friendly cyclops (summoned,
wandering).

Vanquished Creatures
  A stone giant (D:15)
  Nessos (D:13)
  Snorg (D:11)
  The ghost of Renzlar the Blocker, a journeyman GnFi of Okawaru (D:11)
  A merfolk impaler (Shoals:1)
  A fire dragon (D:14)
  4 hydras
  Josephine (Orc:2)
  A spriggan air mage (D:15)
  A boulder beetle (D:14)
  3 vault guards (D:15)
  4 ogre magi
  A catoblepas (D:15)
  2 two-headed ogres
  7 centaur warriors
  Erolcha (D:13)
  A merfolk avatar (Lair:5)
  A deep troll shaman (D:15)
  2 tengu warriors
  A spriggan berserker (D:15)
  Sonja (Orc:2)
  Nergalle (Orc:2)
  A skeletal warrior (D:14)
  3 sea snakes (Lair:5)
  5 orc knights
  A deep elf pyromancer (D:13)
  An oklob plant (Lair:2)
  3 harpies
  6 ugly things
  7 orc sorcerers (Orc:2)
  4 manticores
  9 slime creatures
  6 cyclopes
  16 elephants
  A nameless horror (D:15)
  13 cane toads
  4 black mambas
  4 centaur skeletons (D:14)
  A gargoyle (D:12)
  An unseen horror (D:10)
  A freezing wraith (D:14)
  A kobold demonologist (D:14)
  2 rime drakes
  2 efreet
  7 komodo dragons
  A troll (D:12)
  3 polar bears
  2 wind drakes
  Prince Ribbit (D:6)
  4 dream sheep (Lair:5)
  2 hornets
  3 snapping turtles
  13 blink frogs
  A spriggan (D:15)
  Sigmund (D:2)
  4 wyverns
  2 shadows
  7 vampire mosquitoes
  11 wraiths
  28 yaks
  A redback (Lair:3)
  5 steam dragons
  3 acid dragons
  8 water moccasins
  3 floating eyes (D:15)
  5 black bears
  20 orc warriors
  4 ice beasts
  6 sky beasts
  11 wolves
  13 ogres
  8 centaurs
  3 phantoms
  4 kobold brigands
  13 bullfrogs
  2 necrophages
  3 scorpions
  12 wights
  8 killer bees
  4 howler monkeys
  5 electric eels
  4 jellies
  3 hounds
  8 orc priests
  8 iguanas
  4 hell rats (Lair:5)
  38 orc wizards
  11 adders
  3 gnolls (D:3)
  A shadow imp (D:6)
  2 white imps
  An ufetubus (D:6)
  3 worms
  The ghost of Esekla the Sneak, a weakling OpDe (D:5)
  4 dart slugs
  76 orcs
  5 bats
  14 endoplasms
  4 giant cockroaches
  4 goblins
  4 hobgoblins
  10 jackals
  A quokka (D:4)
  6 ball pythons
  3 frilled lizards (D:2)
  6 kobolds
  8 rats
593 creatures vanquished.

Vanquished Creatures (others)
  A blink frog (Lair:5)
  33 foxfires
  8 fungi
  18 plants
60 creatures vanquished.

Grand Total: 653 creatures vanquished

Notes
Turn   | Place    | Note
-------+----------+-------------------------------------------
     0 | D:1      | LustLizard the Djinni Ice Elementalist began the quest for
                  | the Orb.
     0 | D:1      | LustLizard set off with the following spells memorised:
                  | Freeze, Frozen Ramparts, Ozocubu's Armour, Hailstorm.
     0 | D:1      | Reached XP level 1. HP: 15/15 MP: 0/0
   327 | D:1      | Reached XP level 2. HP: 20/21 MP: 0/0
   330 | D:1      | Found a faded altar of an unknown god.
   762 | D:1      | Reached XP level 3. HP: 23/25 MP: 0/0
   762 | D:1      | Learned a level 1 spell: Foxfire
  1473 | D:2      | Reached skill level 1 in Short Blades
  1497 | D:2      | Noticed Sigmund
  1504 | D:2      | Reached XP level 4. HP: 9/31 MP: 0/0
  2066 | D:2      | Reached skill level 1 in Throwing
  2133 | D:2      | Killed Sigmund
  2134 | D:2      | Reached XP level 5. HP: 29/35 MP: 0/0
  2134 | D:2      | Learned a level 2 spell: Static Discharge
  2134 | D:2      | Reached XP level 6. HP: 34/40 MP: 0/0
  2380 | D:2      | Found a broken altar of Ashenzari.
  3245 | D:3      | Found a sparkling altar of Nemelex Xobeh.
  3579 | D:3      | Found Hyt Ikoi's Magic Scroll Shoppe.
  3589 | D:3      | Bought a scroll of fear for 56 gold pieces
  3589 | D:3      | Bought a scroll of teleportation for 42 gold pieces
  3589 | D:3      | Bought a scroll of identify for 28 gold pieces
  3593 | D:3      | Identified a scroll of acquirement
  3597 | D:3      | Acquired 839 gold pieces
  3949 | D:4      | Found a hide-covered altar of Uskayaw.
  4032 | D:4      | Found a staircase to the Ecumenical Temple.
  4084 | Temple   | Entered the Ecumenical Temple
  4141 | Temple   | Became a worshipper of Makhleb the Destroyer
  4216 | D:4      | Reached XP level 7. HP: 42/45 MP: 0/0
  4216 | D:4      | Learned a level 3 spell: Stone Arrow
  4772 | D:4      | Reached skill level 1 in Polearms
  5012 | D:5      | Entered Level 5 of the Dungeon
  5070 | D:5      | Reached skill level 1 in Fighting
  5192 | D:5      | Found a runed translucent door.
  5858 | D:5      | Reached skill level 1 in Evocations
  5858 | D:5      | Reached XP level 8. HP: 39/52 MP: 0/0
  6335 | D:5      | Noticed Esekla's ghost (weakling OpDe)
  6343 | D:5      | Killed Esekla's ghost
  6456 | D:5      | Reached skill level 2 in Evocations
  6669 | D:6      | Reached skill level 5 in Spellcasting
  6700 | D:6      | Reached * piety under Makhleb
  7059 | D:6      | Reached XP level 9. HP: 52/58 MP: 0/0
  7059 | D:6      | Learned a level 4 spell: Dispel Undead
  7064 | D:6      | Reached skill level 3 in Evocations
  7519 | D:6      | Noticed Prince Ribbit
  7525 | D:6      | Killed Prince Ribbit
  7649 | D:6      | Acquired the +0 buckler "Setu" {+Blink rF- rC++ Regen+}
  7717 | D:6      | Reached skill level 4 in Evocations
  7980 | D:6      | Reached XP level 10. HP: 63/67 MP: 0/0
  7982 | D:6      | Reached skill level 5 in Evocations
  8195 | D:3      | Bought a scroll of identify for 28 gold pieces
  8340 | D:7      | Found a sacrificial altar of Ru.
  8340 | D:7      | Found a blossoming altar of Fedhas.
  8347 | D:7      | Noticed a two-headed ogre
  8457 | D:7      | Reached ** piety under Makhleb
  8593 | D:7      | Found a hazy altar of Hepliaklqana.
  8865 | D:7      | Found a glowing silver altar of Zin.
  8957 | D:7      | Reached skill level 5 in Polearms
  9455 | D:8      | Reached skill level 6 in Evocations
  9485 | D:8      | Found the +3 Mad Mage's Maulers {Infuse+∞ RegenMP Int-3}
  9500 | D:8      | Reached skill level 1 in Long Blades
  9501 | D:8      | Reached skill level 1 in Invocations
  9749 | D:8      | Identified the +6 hand axe of the Shoals {drain, Str+3}
  9997 | D:8      | Found a white marble altar of Elyvilon.
 10208 | D:9      | Found a flagged portal.
 10243 | Bailey   | Entered a bailey
 10293 | Bailey   | Reached XP level 11. HP: 70/74 MP: 0/0
 10293 | Bailey   | Learned a level 4 spell: Olgreb's Toxic Radiance
 10490 | Bailey   | Reached *** piety under Makhleb
 10631 | Bailey   | Reached skill level 5 in Fighting
 10671 | Bailey   | Noticed an orc knight
 10671 | Bailey   | Noticed an orc knight
 10680 | Bailey   | HP: 1/75 [orc knight/+0 halberd (29)]
 10683 | Bailey   | Killed an orc knight
 10684 | Bailey   | Reached skill level 7 in Evocations
 10713 | Bailey   | Killed an orc knight
 10891 | D:9      | Found a transporter.
 10913 | D:9      | Noticed a death knight
 10946 | D:9      | Noticed a two-headed ogre
 10951 | D:9      | Killed a two-headed ogre
 10985 | D:9      | Found a bloodstained altar of Trog.
 11049 | D:9      | Noticed a cyclops
 11121 | D:9      | Noticed a two-headed ogre
 11281 | D:9      | Identified the +8 whip "Enteta" {spect, rElec rPois Will+++
                  | Dex-4}
 11613 | D:10     | Entered Level 10 of the Dungeon
 11738 | D:10     | Reached skill level 1 in Shields
 11919 | D:10     | Reached skill level 1 in Maces & Flails
 11924 | D:10     | Reached skill level 5 in Invocations
 12110 | D:10     | Reached skill level 8 in Evocations
 12146 | D:10     | Reached XP level 12. HP: 81/83 MP: 0/0
 12171 | D:10     | Found a staircase to the Orcish Mines.
 12179 | D:10     | Reached **** piety under Makhleb
 12258 | D:10     | Noticed a two-headed ogre
 12268 | D:10     | Killed a two-headed ogre
 12352 | D:10     | Found a staircase to the Lair.
 12501 | Lair:1   | Entered Level 1 of the Lair of Beasts
 12549 | Lair:1   | Identified the +0 leather armour of Voul {Will+ Str+5}
 12719 | Lair:1   | Reached skill level 5 in Shields
 13273 | Lair:2   | Noticed a four-headed hydra
 13282 | Lair:2   | Killed a four-headed hydra
 13375 | Lair:2   | Found a staircase to the Shoals.
 13602 | Lair:2   | Reached skill level 9 in Evocations
 13622 | Lair:2   | Identified the +5 dagger of Corruption {venom, rF+ MP+9}
 14064 | Lair:3   | Reached ***** piety under Makhleb
 14321 | Lair:3   | Found a hole to the Spider Nest.
 14898 | Lair:4   | Reached XP level 13. HP: 91/91 MP: 0/0
 14898 | Lair:4   | Learned a level 5 spell: Yara's Violent Unravelling
 15580 | Lair:5   | Entered Level 5 of the Lair of Beasts
 15607 | Lair:5   | Found a glowing golden altar of the Shining One.
 15783 | Lair:5   | Found a staircase to the Slime Pits.
 15784 | Lair:5   | Found a viscous altar of Jiyva.
 15833 | Lair:5   | Reached skill level 5 in Maces & Flails
 15965 | Lair:5   | Reached skill level 10 in Evocations
 16452 | Lair:5   | Reached XP level 14. HP: 76/101 MP: 0/0
 16671 | Lair:5   | Identified the +8 rapier of Ash {protect, rN+}
 17224 | Orc:1    | Entered Level 1 of the Orcish Mines
 17525 | Orc:2    | Entered Level 2 of the Orcish Mines
 17525 | Orc:2    | Found Rudghitu's Retail Resort.
 17628 | Orc:2    | Found a staircase to the Elven Halls.
 17656 | Orc:2    | Noticed Sonja
 17960 | Orc:2    | Reached skill level 5 in Stealth
 17980 | Orc:2    | Reached skill level 11 in Evocations
 18201 | Orc:2    | Reached ****** piety under Makhleb
 18208 | Orc:2    | Noticed Josephine
 18215 | Orc:2    | Reached skill level 10 in Fighting
 18219 | Orc:2    | Killed Josephine
 18467 | Orc:2    | Noticed Nergalle
 18476 | Orc:2    | Killed Nergalle
 18490 | Orc:2    | Reached skill level 10 in Spellcasting
 18496 | Orc:2    | Killed Sonja
 18545 | Orc:2    | Found Kynaen's Book Boutique.
 18587 | Orc:2    | Found Jeohouz's Jewellery Boutique.
 18705 | Orc:2    | Found Hiteifes's Distillery.
 18710 | Orc:2    | Found Kecu's Antique Armour Shop.
 18713 | Orc:2    | Bought a potion of haste for 130 gold pieces
 18713 | Orc:2    | Bought a potion of heal wounds for 65 gold pieces
 18713 | Orc:2    | Bought a potion of resistance for 130 gold pieces
 18721 | Orc:2    | Bought a crude leather armour for 182 gold pieces
 18721 | Orc:2    | Identified the +0 leather armour "Gyorimib" {rPois Dex+4}
                  | (You bought it in a shop on level 2 of the Orcish Mines)
 18751 | Orc:2    | Bought the ring of Buxacood {Ice rPois rN+ Int+5} for 559
                  | gold pieces
 19038 | D:11     | Found a large runed translucent door.
 19038 | D:11     | Found a large runed translucent door.
 19121 | D:11     | Found a portal to a secret trove of treasure.
 19180 | D:11     | Noticed Renzlar's ghost (journeyman GnFi)
 19354 | D:11     | Noticed Snorg
 19363 | D:11     | Killed Snorg
 19789 | D:11     | Reached XP level 15. HP: 109/109 MP: 0/0
 19789 | D:11     | Learned a level 6 spell: Summon Cactus Giant
 19895 | D:11     | Killed Renzlar's ghost
 20214 | D:12     | Reached skill level 10 in Invocations
 21149 | D:13     | Noticed Nessos
 21164 | D:13     | Killed Nessos
 21337 | D:13     | Acquired a manual of Evocations
 21396 | D:13     | Noticed Erolcha
 21408 | D:13     | Killed Erolcha
 21409 | D:13     | Reached skill level 12 in Evocations
 21889 | Shoals:1 | Entered Level 1 of the Shoals
 21890 | Shoals:1 | Upgraded the game from 0.29.0-3-gbb0933ed62 to
                  | 0.29.0-4-gdea44cf6ec
 21917 | Lair:2   | HP: 1/110 [wind drake/the air (21)]
 22083 | Shoals:1 | Noticed Mlioglotl
 23130 | D:14     | Found a gate to the Vaults.
 23348 | D:15     | Entered Level 15 of the Dungeon
 23451 | D:15     | Reached skill level 13 in Evocations
 23514 | D:15     | Reached XP level 16. HP: 88/118 MP: 0/0
 23670 | D:15     | Found a staircase to the Depths.
 23775 | D:15     | Found a transporter.
 23818 | D:15     | Slain by a spriggan berserker

Illustrated notes

Levels and vault maps discovered:
D:1:      lightli_iron_boxes, layout_basic, ebering_ecumenical_altar_rust
D:2:      layout_basic, basic_altar, minmay_hexomino_c4, uniq_sigmund
D:3:      layout_basic, nemelex_spade_bored_becter, serial_shops,
          nicolae_lakefront_shop
D:4:      layout_basic, mainiacjoe_overflow_catwalk,
          minmay_temple_entry_glassed_door, minmay_statues_item,
          minmay_manual_monolith
D:5:      layout_loops_corners, led_sif_pool, ebering_ghost_sewer_d,
          minmay_misc_feat_enclosed
D:6:      layout_cave_pools, serial_park, serial_park_tiny_pond,
          serial_park_tiny_1, serial_park_tiny_pond, serial_park_gazebo
          [serial_park_minivault_5x5_3], kennysheep_cross_bottleneck,
          minmay_divided_ellipse, uniq_prince_ribbit1
D:7:      layout_loops_cross, mainiacjoe_overflow_large_starburst,
          mainiacjoe_overflow_surrounded_room, mainiacjoe_overflow_brackets,
          bh_walls_and_bars
D:8:      layout_loops_ring, nicolae_overflow_hidden_temple,
          eino_small_chamber_without_monster, minmay_checkerbox
D:9:      gammafunk_the_bubble [the_bubble_gammafunk_grid], layout_loops_ring,
          trog_ov_bears_minmay, enter_bailey_2, minmay_misc_feat_doors
D:10:     layout_roguey, grunt_lair_entry_orc_guard_hut, david_orc_2
D:11:     layout_roguey, ebering_ghost_disaster_area,
          nicolae_trove_entry_free_sample, uniq_snorg
D:12:     layout_grid_maze
D:13:     layout_loops_ring, uniq_erolcha, uniq_nessos
D:14:     layout_basic, hangedman_vaults_entry_quadrant_bands,
          chequers_serial_rivers_room_b
D:15:     hangedman_spin_cycle
Temple:   cyrus_circular_temple
Lair:1:   layout_gridlike, small_statue_intersection, infiniplex_staircase_pool
Lair:2:   layout_chaotic_city, elwin_shoals_entry_rocks,
          minmay_lair_oklob_bushes
Lair:3:   layout_small_grid, spider_nest_entry_rubble, minivault_23,
          grunt_megastairs_3
Lair:4:   layout_concentric_octagons
Lair:5:   gammafunk_lair_ancient_temple, layout_gridlike,
          nicolae_slime_entry_slimehenge, basic_altar, serial_bayou_shore_b
Shoals:1: layout_shoals, uniq_louise, uniq_mlioglotl
Orc:1:    layout_caves, basic_altar
Orc:2:    kennysheep_orc_mage_school, layout_diamond_mine,
          nicolae_alphabet_shops, mines4_lemuel, uniq_josephine, uniq_sonja

Skill      XL: |  1  2  3  4  5  6  7  8  9 10 11 12 13 14 15 |
---------------+----------------------------------------------+-----
Stealth        | 2 3 4 6 7 |  7.8
Short Blades   | 1 2 |  2.6
Throwing       | 2 3 4 |  4.0
Spellcasting   | 4 5 6 7 8 9 10 | 10.9
Polearms       | 1 2 4 5 |  5.2
Fighting       | 1 2 3 4 6 7 9 10 11 | 11.8
Evocations     | 1 2 4 6 8 9 10 11 13 | 13.3
Long Blades    | 3 4 |  4.6
Invocations    | 2 5 6 8 9 11 | 11.2
Shields        | 3 6 |  6.1
Maces & Flails | 1 3 5 |  5.7
Dodging        | 4 |  4.7

Action                   |  1- 3 |  4- 6 |  7- 9 | 10-12 | 13-15 | 16-18 || total
-------------------------+-------+-------+-------+-------+-------+-------++-------
Melee: Unarmed           |     5 |       |       |       |       |       ||     5
       Dagger            |    51 |    22 |       |       |       |       ||    73
       Mace              |       |    50 |     8 |    23 |       |       ||    81
       Punch             |       |     1 |       |       |       |       ||     1
       Scimitar          |       |       |       |    19 |       |       ||    19
       Whip              |       |       |       |    55 |   114 |     4 ||   173
Throw: Stone             |    18 |     4 |     3 |       |       |       ||    25
       Dart              |       |       |     3 |       |       |       ||     3
 Cast: Freeze            |    37 |    12 |       |     5 |     1 |       ||    55
       Foxfire           |       |    21 |       |       |       |       ||    21
       Frozen Ramparts   |       |     4 |     7 |    14 |    24 |     1 ||    50
       Ozocubu's Armour  |       |     2 |     5 |     7 |    30 |     2 ||    46
       Static Discharge  |       |     1 |       |       |       |       ||     1
       Stone Arrow       |       |       |    96 |   263 |   463 |    27 ||   849
       Dispel Undead     |       |       |       |    19 |    29 |       ||    48
       Olgreb's Toxic Ra |       |       |       |     7 |    57 |     6 ||    70
       Summon Cactus Gia |       |       |       |       |     6 |     1 ||     7
       Yara's Violent Un |       |       |       |       |     3 |     4 ||     7
Invok: Lesser Servant of |       |       |       |     1 |       |       ||     1
       Greater Servant o |       |       |       |       |     1 |     1 ||     2
 Abil: Evoke Blink       |       |       |       |       |     6 |     3 ||     9
  Use: Scroll            |       |    10 |     2 |     9 |     5 |     3 ||    29
       Potion            |       |       |       |     1 |     5 |     1 ||     7
 Stab: Sleeping          |       |     2 |     1 |       |       |       ||     3
       Distracted        |       |       |       |     1 |     2 |       ||     3
Armor: Robe              |    12 |    35 |     5 |       |       |       ||    52
       Leather armour    |       |       |     4 |       |       |       ||     4
       Steam dragon scal |       |       |     7 |    77 |   196 |     6 ||   286
Dodge: Dodged            |    69 |    78 |    29 |   106 |   189 |    11 ||   482
Block: Buckler           |       |       |     1 |    30 |    85 |     5 ||   121
